 Dungeon Crawl Stone Soup version 0.25.0-9-g26727b657a (console) character file.

Game seed: 12621980671697717113

732059 Kagalorn the Omniscient (level 27, -22/221 HPs)
             Began as a Gnoll Earth Elementalist on June 16, 2020.
             Was the Champion of Ashenzari.
             Killed from afar by an ancient lich (48 damage)
             ... with a bolt of lightning
             ... on level 5 of the Realm of Zot on June 17, 2020.
             The game lasted 05:59:37 (90183 turns).

Kagalorn the Omniscient (Gnoll Earth Elementalist) Turns: 90183, Time: 05:59:38

Health: -22/221    AC: 35    Str: 15    XL:     27
Magic:  41/41      EV: 23    Int: 24    God:    Ashenzari [******]
Gold:   4636       SH: 32    Dex: 20    Spells: 19/64 levels left

rFire    + + +     SeeInvis +   a - +9 broad axe (vamp) (curse)
rCold    + . .     Gourm    .   p - +10 tower shield of Ignorance {rN+ Int-4} (curse)
rNeg     + . .     Faith    .   N - +8 fire dragon scales (curse)
rPois    +         Spirit   .   r - +2 helmet {Int+3} (curse)
rElec    .         Reflect  .   m - scarf {+Inv}
rCorr    +         Harm     .   q - +2 pair of gloves {Str+3} (curse)
MR       +++..     Clarity  +   n - +2 pair of boots {Stlth+} (curse) Stlth +++++++...Rnd*Tele +
                                P - amulet of Uruf {rC++ Regen+ Int+4} (curse)
HPRegen  0.86/turn              Q - ring of protection from magic (curse)
MPRegen  0.27/turn              J - ring of resist corrosion (curse)

@: about to teleport, studying Fire Magic, lightly drained
A: distributed training, fangs 1, blurry vision 2, deterioration 1, dopey 2,
fire resistance 1, low mp 1, poison resistance, teleportitis 1, strong nose
}: 5/15 runes: decaying, serpentine, slimy, silver, abyssal
a: Curse Item, Scrying, Renounce Religion, Evoke Invisibility


You were on level 5 of the Realm of Zot.
You worshipped Ashenzari.
Ashenzari was exalted by your worship.
You were hungry.

You visited 12 branches of the dungeon, and saw 58 of its levels.
You visited the Abyss 3 times.
You visited 1 bazaar.
You also visited: Trove, Ice Cave and Wizlab.

You collected 9319 gold pieces.
You spent 4683 gold pieces at shops.

Inventory:

Hand Weapons
 a - a cursed +9 vampiric broad axe (weapon)
 b - the +10 scimitar of Vanwushu {vorpal, rPois rC+ Int+2}
   (You found it on level 1 of the Vaults)

   It inflicts extra damage upon your enemies.
   It affects your intelligence (+2).
   It protects you from cold.
   It protects you from poison.
Missiles
 i - 5 silver javelins
 z - 7 throwing nets (quivered)
Armour
 m - a scarf of invisibility (worn)
 n - a cursed +2 pair of boots of stealth (worn)
 p - the cursed +10 tower shield of Ignorance (worn) {rN+ Int-4}
   (You found it on level 7 of the Dungeon)

   It affects your intelligence (-4).
   It protects you from negative energy.
   It has a curse placed upon it.
 q - a cursed +2 pair of gloves of strength (worn)
 r - a cursed +2 helmet of intelligence (worn)
 N - cursed +8 fire dragon scales (worn)
Jewellery
 c - the cursed ring "Cuuf" {rElec rPois rN++ Str+6 SInv}
   (You acquired it on level 5 of the Depths)

   [ring of strength]

   It affects your strength (+6).
   It insulates you from electricity.
   It protects you from poison.
   It greatly protects you from negative energy.
   It lets you see invisible.
   It has a curse placed upon it.
 J - a cursed ring of resist corrosion (right hand)
 O - a ring of Bach {Wiz Str+6}
   (You found it on level 3 of the Abyss)

   [ring of wizardry]

   It improves your spell success rate.
   It affects your strength (+6).
 P - the cursed amulet of Uruf (around neck) {rC++ Regen+ Int+4}
   (You acquired it on level 1 of the Swamp)

   [amulet of regeneration]

   It affects your intelligence (+4).
   It greatly protects you from cold.
   It increases your rate of regeneration.
   It has a curse placed upon it.
 Q - a cursed ring of protection from magic (left hand)
 W - an uncursed ring of protection from cold
Wands
 F - a wand of acid (37)
 M - a wand of paralysis (21)
 R - a wand of digging (23)
 U - a wand of clouds (6)
 Z - a wand of iceblast (52)
Scrolls
 g - 23 scrolls of teleportation
 k - 10 scrolls of amnesia
 t - 3 scrolls of holy word
 u - a scroll of magic mapping
 x - 22 scrolls of remove curse
 A - 13 scrolls of fear
 C - 7 scrolls of enchant weapon
 D - 2 scrolls of silence
 I - 10 scrolls of enchant armour
 L - 10 scrolls of fog
 V - 7 scrolls of blinking
 X - 36 scrolls of identify
 Y - 3 scrolls of summoning
Potions
 f - 5 potions of ambrosia
 h - 9 potions of lignification
 j - 7 potions of magic
 l - 6 potions of cancellation
 s - 6 potions of invisibility
 w - 12 potions of heal wounds
 y - 6 potions of berserk rage
 B - 7 potions of might
 E - 11 potions of haste
 G - 25 potions of curing
 H - 5 potions of mutation
 K - 4 potions of flight
 S - 4 potions of brilliance
Books
 o - a manual of Fire Magic
Miscellaneous
 v - 8 phantom mirrors
 T - 14 boxes of beasts
Comestibles
 e - 41 rations


   Skills:
 + Level 19.0(18.7) Fighting
 + Level 19.0(18.7) Short Blades
 + Level 19.0(18.7) Long Blades
 + Level 19.0(22.3) Axes
 + Level 19.0(18.7) Maces & Flails
 + Level 19.0(18.7) Polearms
 + Level 19.0(18.7) Staves
 + Level 19.0(18.7) Slings
 + Level 19.0(18.7) Bows
 + Level 19.0(18.7) Crossbows
 + Level 19.0(18.7) Throwing
 + Level 19.0(21.0) Armour
 + Level 19.4(21.3) Dodging
 + Level 19.3(19.0) Stealth
 + Level 19.0(21.0) Shields
 + Level 19.0(18.7) Unarmed Combat
 + Level 19.4(19.1) Spellcasting
 + Level 16.4(19.9) Conjurations
 + Level 16.4(19.9) Hexes
 + Level 16.4(19.9) Charms
 + Level 16.4(19.9) Summonings
 + Level 16.4(19.9) Necromancy
 + Level 16.4(19.9) Translocations
 + Level 16.5(20.0) Transmutations
 + Level 17.4(20.8) Fire Magic
 + Level 16.4(19.9) Ice Magic
 + Level 16.4(19.9) Air Magic
 + Level 17.1(20.6) Earth Magic
 + Level 16.4(19.9) Poison Magic
 + Level 20.4(20.1) Invocations
 + Level 19.0(22.3) Evocations


You had 19 spell levels left.
You knew the following spells:

 Your Spells              Type           Power        Failure   Level  Hunger
a - Iron Shot             Conj/Erth      #######...   1%          6    ###....
b - Lee's Rapid Deconstr  Erth           #######...   1%          5    None
c - Petrify               Tmut/Erth      #######.     1%          4    None
d - Statue Form           Tmut/Erth      #######..    1%          6    ###....
e - Freezing Cloud        Conj/Ice/Air   #######...   1%          6    ###....
f - Frozen Ramparts       Ice            ######       0%          3    None
g - Passwall              Tmut/Erth      #######.     0%          2    None
h - Apportation           Tloc           ######       0%          1    None
i - Summon Butterflies    Summ           #######.     0%          1    None
j - Mephitic Cloud        Conj/Pois/Air  #######.     0%          3    None
k - Ignition              Fire           #######...   11%         8    ######.

Your spell library contained the following spells:

 Spells                   Type           Power        Failure   Level  Hunger
 Animate Skeleton         Necr           N/A          0%          1    None
 Beastly Appendage        Tmut           ######       0%          1    None
 Corona                   Hex            #######      0%          1    None
 Foxfire                  Conj/Fire      ####         0%          1    None
 Freeze                   Ice            ####         0%          1    None
 Infusion                 Chrm           ####         0%          1    None
 Magic Dart               Conj           ####         0%          1    None
 Pain                     Necr           ####         0%          1    None
 Sandblast                Erth           ######       0%          1    None
 Shock                    Conj/Air       ####         0%          1    None
 Sting                    Tmut/Pois      ####         0%          1    None
 Summon Small Mammal      Summ           ####         0%          1    None
 Blink                    Tloc           N/A          0%          2    None
 Corpse Rot               Necr/Air       N/A          0%          2    None
 Poisonous Vapours        Pois/Air       ######       0%          2    None
 Searing Ray              Conj           ######       0%          2    None
 Shroud of Golubria       Chrm/Tloc      ######       0%          2    None
 Slow                     Hex            #######.     0%          2    None
 Song of Slaying          Chrm           #######.     0%          2    None
 Sticks to Snakes         Tmut           #######.     0%          2    None
 Sublimation of Blood     Necr           #######...   0%          2    None
 Call Canine Familiar     Summ           #######.     0%          3    None
 Confusing Touch          Hex            #######.     0%          3    None
 Conjure Flame            Conj/Fire      #######.     0%          3    None
 Dazzling Flash           Conj/Hex       ######       0%          3    None
 Gell's Gravitas          Tloc           #######...   0%          3    None
 Ignite Poison            Fire/Tmut/Pois #######.     0%          3    None
 Inner Flame              Hex/Fire       #######.     0%          3    None
 Lesser Beckoning         Tloc           #######...   0%          3    None
 Ozocubu's Armour         Chrm/Ice       #######.     0%          3    None
 Portal Projectile        Hex/Tloc       ######       0%          3    None
 Recall                   Summ/Tloc      N/A          0%          3    None
 Spectral Weapon          Hex/Chrm       #######.     0%          3    None
 Spider Form              Tmut/Pois      #######...   0%          3    None
 Static Discharge         Conj/Air       #######.     0%          3    None
 Stone Arrow              Conj/Erth      ######       0%          3    None
 Teleport Other           Tloc           #######.     0%          3    None
 Tukima's Dance           Hex            #######.     0%          3    None
 Vampiric Draining        Necr           #######...   0%          3    None
 Animate Dead             Necr           N/A          1%          4    None
 Cause Fear               Hex            #######...   1%          4    None
 Dispel Undead            Necr           #######.     1%          4    None
 Fulminant Prism          Conj/Hex       #######...   1%          4    None
 Hailstorm                Conj/Ice       #######.     1%          4    None
 Ice Form                 Ice/Tmut       #######.     1%          4    None
 Iskenderun's Mystic Bla  Conj/Tloc      #######.     1%          4    None
 Leda's Liquefaction      Hex/Erth       #######...   1%          4    None
 Passage of Golubria      Tloc           N/A          1%          4    None
 Summon Ice Beast         Ice/Summ       #######.     1%          4    None
 Summon Lightning Spire   Summ/Air       #######.     1%          4    None
 Agony                    Necr           #######.     1%          5    None
 Alistair's Intoxication  Tmut/Pois      #######.     1%          5    None
 Aura of Abjuration       Summ           #######...   1%          5    None
 Blade Hands              Tmut           #######...   1%          5    None
 Bolt of Magma            Conj/Fire/Erth #######...   1%          5    None
 Borgnjor's Vile Clutch   Necr/Erth      #######...   1%          5    None
 Excruciating Wounds      Chrm/Necr      #######...   1%          5    None
 Fireball                 Conj/Fire      #######...   1%          5    None
 Irradiate                Conj/Tmut      #######...   1%          5    None
 Iskenderun's Battlesphe  Conj/Chrm      #######.     1%          5    None
 Lightning Bolt           Conj/Air       #######...   1%          5    None
 Metabolic Englaciation   Hex/Ice        #######...   1%          5    None
 Silence                  Hex/Air        #######...   1%          5    None
 Yara's Violent Unravell  Hex/Tmut       #######...   1%          5    None
 Conjure Ball Lightning   Conj/Air       #######...   1%          6    ###....
 Death Channel            Necr           #######...   1%          6    ###....
 Eringya's Noxious Bog    Tmut/Pois      #######...   1%          6    ###....
 Hydra Form               Tmut           #######...   1%          6    ###....
 Invisibility             Hex            #######.     1%          6    ###....
 Simulacrum               Ice/Necr       #######...   1%          6    ###....
 Starburst                Conj/Fire      #######...   1%          6    ###....
 Dragon Form              Tmut           #######...   1%          7    #####..
 Haunt                    Necr/Summ      #######...   1%          7    #####..
 Orb of Destruction       Conj           #######...   1%          7    #####..
 Ring of Flames           Chrm/Fire      #######...   1%          7    #####..
 Spellforged Servitor     Conj/Summ      #######...   1%          7    #####..
 Borgnjor's Revivificati  Necr           #######...   16%         8    ######.
 Death's Door             Chrm/Necr      #######...   16%         8    ######.
 Discord                  Hex            #######...   16%         8    ######.
 Infestation              Necr           #######...   16%         8    ######.
 Necromutation            Tmut/Necr      #######...   16%         8    ######.
 Shatter                  Erth           #######...   88%         9    #######
 Dragon's Call            Summ           #######...   94%         9    #######
 Tornado                  Air            #######...   94%         9    #######


Dungeon Overview and Level Annotations

Branches:
Dungeon (15/15)            Temple (1/1) D:4            Lair (6/6) D:8
  Swamp (4/4) Lair:4        Snake (4/4) Lair:2        Slime (5/5) Lair:6
    Orc (2/2) D:12            Elf (3/3) Orc:2        Vaults (5/5) D:13
  Crypt (3/3) Vaults:3       Tomb (0/3) Crypt:3      Depths (5/5) D:15
    Zot (5/5) Depths:5      IceCv (visited)          WizLab (visited)

Altars:
Ashenzari
Cheibriados
Dithmenos
Elyvilon
Fedhas
Gozag
Hepliaklqana
Kikubaaqudgha
Makhleb
Nemelex Xobeh
Okawaru
Qazlal
Ru
Sif Muna
Trog
Uskayaw
Vehumet
Wu Jian
Xom
Yredelemnul
Zin
The Shining One
Beogh
Jiyva
Lugonu

Shops:
D:6 *   D:7 [   D:15 }?   Orc:1 %(   Orc:2 =}?!%   Elf:1 ((*:   Elf:3 (
Snake:2 *=(   Snake:4 [[   Vaults:2 ?   Depths:1 !:

Portals:
Hell: Depths:1 Depths:2 Depths:3 Depths:4 Depths:5
Abyss: Depths:2 Depths:4 Depths:5
Pandemonium: Depths:3
Ziggurat: Depths:4

Annotations:
D:6 1 runed translucent door


Innate Abilities, Weirdness & Mutations

Your experience applies equally to all skills.
You have very sharp teeth.
Your uncanny sense of smell can sniff out nearby items.
Scrolls take you longer to read.
Your body sometimes deteriorates upon taking damage.
You are very dopey. (Int -4)
Your flesh is heat resistant. (rF+)
Your magical capacity is low. (-10% MP)
Your system is resistant to poisons. (rPois)
You are occasionally teleported next to monsters.


Message History

The wavering orb of destruction weakly hits the Orb Guardian!!!
The ancient lich points at you and mumbles some strange words.
You resist with some effort. You block the Orb Guardian's attack. x2
The Orb Guardian closely misses you. You block the ancient lich's attack.
The Orb prevents control of your translocation!
You blink.
As you read the scroll of blinking, it crumbles to dust.
The ancient lich launches a ball of destructive magic.
An orb of destruction comes into view.
An Orb Guardian comes into view.
The orb of fire glows yellow.
The bolt of fire hits you. You resist.
* * * LOW HITPOINT WARNING * * *
The orb of fire glows bright magenta.
The bolt of fire misses the orb of fire.
The bolt of fire hits you! You resist.
* * * LOW HITPOINT WARNING * * *
The ancient lich casts a spell at you. The bolt of lightning hits you!!!
You die...

*******▓▓▓▓* ,,,,,,,..^.▓▓▓* *
,,...........[▓▓▓ ***
,,..............▓▓ **,,
^,...............▓ *▓▓▓***** *,,,
,,...............▓*▓$..{,,,***,,,
................^▓▓^...∆,,,,**,,,
....X...........@▓...,,{,,^,,*,,^
.......................$,,,,,,,,,
.^...........*...▓.....|,,,,,*,,,
....*...^...*L*LX▓▓.....,,,,**,,,
...(.......%.pXXX▓*▓...X,,,***,,,
.....§..^....§...# *▓▓▓▓**** *,,,
.^..............## **,,
..............▓## ***
...........▓▓▓▓ *


You could see 2 orbs of fire, a Killer Klown, 2 ancient liches and 5 Orb
Guardians.

Vanquished Creatures
  the Royal Jelly (Slime:5)
  5 ancient liches
  Mara (Vaults:5)
  3 juggernauts (Depths:4)
  A greater mummy (Depths:4)
  Vashnia (Snake:3)
  A curse toe (Zot:3)
  Margery (Depths:5)
  Bai Suzhen (Depths:3)
  Saint Roka (Vaults:5)
  5 caustic shrikes
  Nikola (Swamp:1)
  The ghost of Pafin the Slayer, a veteran GrVM of Kikubaaqudgha (Depths:5)
  A golden dragon (shapeshifter) (Depths:2)
  4 golden dragons
  3 bone dragons
  A profane servitor (Crypt:3)
  An electric golem (Zot:5)
  Rupert (D:12)
  9 tentacled monstrosities
  10 Orb Guardians (Zot:5)
  Jorgrun (Elf:1)
  3 titans
  Asterion (Vaults:1)
  3 deep elf blademasters
  2 deep elf master archers (Elf:3)
  A titan (shapeshifter) (Depths:2)
  5 quicksilver dragons
  A death cob (Zot:3)
  21 acid blobs
  13 liches
  Kirke (D:12)
  6 tentacled starspawn (Abyss:3)
  5 ancient champions
  7 sphinxes
  Agnes (Elf:2)
  4 storm dragons
  2 thorn hunters
  Roxanne (Swamp:2)
  3 revenants
  The ghost of Kipt the Spry, an adept SpFE of Dithmenos (Vaults:3)
  9 shadow dragons
  The ghost of Hydoar the Severer, an adept FoFi of Uskayaw (Swamp:2)
  4 tengu reavers
  9 nagarajas
  2 draconian monks (Zot:2)
  15 azure jellies
  14 fire giants
  An azure jelly (shapeshifter) (Depths:2)
  A ghost moth (shapeshifter) (Abyss:3)
  A draconian scorcher (Zot:1)
  4 iron dragons
  Aizul (Snake:1)
  A frost giant (shapeshifter) (Vaults:5)
  A ghost moth (Abyss:3)
  18 vault wardens
  12 deep elf sorcerers
  The ghost of skumtomte the Grappler, a journeyman TrIE of Dithmenos (Lair:6)
  10 frost giants
  A curse skull (Crypt:2)
  A balrug (Abyss:3)
  The ghost of Giaff the Carver, a journeyman DsGl of Makhleb (D:15)
  3 draconian stormcallers
  2 draconian shifters
  An orc warlord (Orc:1)
  7 draconian knights
  14 ghouls
  A spriggan defender (Depths:5)
  4 deep elf elementalists
  14 stone giants
  21 ironheart preservers
  10 war gargoyles
  2 draconian annihilators
  21 very ugly things
  2 entropy weavers
  7 vampire knights
  11 deep elf demonologists
  4 red draconians
  A spark wasp (shapeshifter) (Depths:2)
  An ophan (Abyss:3)
  6 green draconians
  9 black draconians
  Azrael (D:15)
  9 deep elf annihilators
  7 spark wasps
  7 yellow draconians
  4 purple draconians
  4 white draconians
  13 ettins
  4 eidola (Crypt:1)
  12 fire dragons
  An ettin (shapeshifter) (Depths:2)
  Snorg (Orc:2)
  7 deep elf death magi
  19 jiangshi
  A green death (Abyss:3)
  19 yaktaur captains
  11 deep elf high priests
  9 crystal guardians (Depths:2)
  11 death oozes
  Harold (D:7)
  26 hydras
  9 ice dragons
  2 ghost crabs (Swamp:1)
  7 rakshasas
  An ice dragon (shapeshifter) (Depths:5)
  27 vault guards
  9 great orbs of eyes
  13 naga warriors
  5 spriggan air magi
  9 death knights
  46 two-headed ogres
  5 shambling mangroves
  The ghost of lllmatko the Basher, a novice MiBe of Trog (D:12)
  7 centaur warriors
  39 dancing weapons
  19 ogre magi
  14 alligators
  4 anacondas
  5 deep troll earth magi
  15 death yaks
  14 thrashing horrors
  2 tengu warriors
  21 naga sharpshooters
  A queen ant (shapeshifter) (Depths:2)
  9 deep troll shamans
  8 shock serpents
  3 vampire magi
  An orc high priest (Elf:1)
  11 spriggan berserkers
  27 deep elf knights
  A soul eater (Crypt:1)
  10 hell knights
  A shock serpent (shapeshifter) (Elf:3)
  An iron troll (Depths:5)
  4 fire crabs (shapeshifter)
  3 wretched stars (Abyss:3)
  7 shadow wraiths
  2 salamander mystics (Snake:3)
  8 spatial maelstroms (Abyss:3)
  9 glowing orange brains
  30 skeletal warriors
  3 spriggan druids
  6 wizards
  4 orange crystal statues (D:7)
  A shadow demon (Abyss:3)
  9 flayed ghosts
  A sea snake (shapeshifter) (Depths:2)
  7 unseen horrors
  13 naga ritualists
  14 swamp dragons
  An anaconda zombie (Crypt:2)
  An entropy weaver zombie (Crypt:1)
  A shadow dragon zombie (Vaults:3)
  17 orc knights
  4 obsidian statues
  14 ironbrand convokers
  A lindwurm (shapeshifter) (Depths:2)
  18 deep trolls
  17 deep elf archers
  A mana viper (shapeshifter) (Depths:2)
  28 starcursed masses (Abyss:3)
  A lindwurm (Lair:5)
  6 wolf spiders
  8 mana vipers
  17 phantasmal warriors
  68 deep elf magi
  51 ugly things
  4 orc sorcerers (Orc:1)
  8 necromancers
  4 cyclopes
  4 manticores
  2 cyclopes (shapeshifter)
  4 oklob plants
  7 moths of wrath
  3 shining eyes
  19 elephants
  9 salamanders
  5 worldbinders (Abyss:3)
  34 black mambas
  A moth of wrath (shapeshifter) (Depths:2)
  Maurice (D:9)
  A guardian serpent (shapeshifter) (Depths:2)
  A frost giant skeleton (Abyss:3)
  A stone giant skeleton (Abyss:3)
  2 apocalypse crabs (Abyss:3)
  12 vault sentinels
  23 naga magi
  5 eyes of devastation
  An ice statue (IceCv)
  6 smoke demons (Abyss:3)
  Psyche (D:12)
  5 molten gargoyles
  6 guardian serpents
  A torpor snail (Lair:5)
  A dire elephant zombie (Crypt:2)
  10 centaur skeletons
  5 gargoyles
  14 spiny frogs
  2 spiny frogs (shapeshifter)
  An eye of devastation (shapeshifter) (Depths:2)
  A yaktaur zombie (Vaults:3)
  8 kobold demonologists
  A yaktaur (shapeshifter) (Depths:2)
  32 yaktaurs
  An orange demon (Abyss:3)
  22 komodo dragons
  A rime drake (Lair:5)
  An efreet (Abyss:3)
  A komodo dragon (shapeshifter) (Depths:2)
  3 tormentors (Abyss:3)
  A yellow draconian zombie (Crypt:1)
  An ice devil (Depths:4)
  4 ancient zymes (Abyss:3)
  A black draconian skeleton (Crypt:1)
  13 freezing wraiths
  A purple draconian zombie (Crypt:2)
  4 tengu conjurers
  15 trolls
  A meliai (shapeshifter) (Vaults:4)
  A polar bear (shapeshifter) (Vaults:3)
  5 meliai (D:15)
  2 wind drakes (Depths:2)
  4 guardian mummies (Crypt:1)
  20 hornets
  20 polar bears
  A queen bee (shapeshifter) (Vaults:3)
  2 jumping spiders (Vaults:4)
  12 raiju (Abyss:3)
  A queen bee (D:15)
  7 tyrant leeches
  8 bog bodies
  2 saltlings (Vaults:4)
  A hornet (shapeshifter) (Elf:3)
  13 blink frogs
  A satyr zombie (Crypt:2)
  Prince Ribbit (D:7)
  150 slime creatures
  A hydra skeleton (Abyss:3)
  An alligator zombie (Crypt:1)
  8 hippogriffs
  6 dream sheep
  A hippogriff (shapeshifter) (Vaults:5)
  An ettin skeleton (Crypt:3)
  58 flying skulls (Crypt:3)
  6 vampires
  12 spriggans
  A tarantella (shapeshifter) (Vaults:4)
  13 shadows
  12 air elementals
  2 ynoxinuls (Abyss:3)
  A redback (Vaults:5)
  A tarantella (Vaults:4)
  A dire elephant simulacrum (Crypt:3)
  2 redbacks (shapeshifter)
  47 yaks
  2 spriggans (shapeshifter)
  7 water elementals
  16 wraiths
  A hog (shapeshifter) (Vaults:4)
  2 golden eyes (shapeshifter)
  3 golden eyes (Slime:1)
  A wyvern (Lair:6)
  3 fire elementals
  A human (shapeshifter) (Vaults:1)
  A black mamba skeleton (Crypt:2)
  4 neqoxecs (Abyss:3)
  A human simulacrum (Vaults:3)
  4 chaos spawn (Abyss:3)
  3 hogs (D:12)
  4 basilisks (Lair:6)
  34 nagas
  9 vampire mosquitoes
  A hungry ghost (D:12)
  3 steam dragons
  18 swamp worms
  2 merfolk zombies
  2 soldier ants (D:12)
  18 spatial vortices (Abyss:3)
  3 wargs
  17 insubstantial wisps
  7 porcupines
  A soldier ant (shapeshifter) (Vaults:4)
  4 acid dragons
  24 water moccasins
  A faun skeleton (Crypt:1)
  11 hell hounds
  6 two-headed ogre zombies (WizLab)
  A water nymph skeleton (Crypt:1)
  A two-headed ogre skeleton (Crypt:1)
  2 floating eyes (shapeshifter)
  16 small abominations
  59 orc warriors
  15 swamp drakes
  10 ice beasts
  6 black bears
  3 phantoms
  8 eyes of draining
  A hornet zombie (D:6)
  2 ice dragon simulacra
  15 large abominations
  4 sky beasts
  A sky beast (shapeshifter) (Vaults:5)
  The ghost of farkougg the Slasher, an amateur MiGl (D:3)
  A snapping turtle skeleton (Abyss:3)
  28 wolves
  14 boggarts
  9 necrophages
  40 ogres
  34 centaurs
  An elf skeleton (Vaults:3)
  16 crocodiles
  3 human skeletons
  9 big kobolds
  15 bullfrogs
  A wyvern zombie (D:14)
  A water moccasin zombie (Crypt:2)
  15 earth elementals
  10 scorpions
  A wyvern skeleton (Crypt:2)
  16 killer bees
  A shapeshifter zombie (Crypt:2)
  A manticore simulacrum (Crypt:3)
  9 troll zombies
  21 wights
  2 elf simulacra
  A vampire bat (D:13)
  6 howler monkeys
  4 electric eels
  9 crimson imps
  3 bullfrog zombies
  7 centaur zombies
  6 lava snakes
  A human zombie (Crypt:1)
  3 jellies
  17 orc priests
  4 hounds
  2 bullfrog skeletons
  A gnoll shaman (D:10)
  4 iron imps (Abyss:3)
  13 iguanas
  20 orc wizards
  7 worker ants
  A demigod zombie (Crypt:2)
  A tengu zombie (Crypt:2)
  6 ogre zombies (WizLab)
  2 hound zombies
  2 hound skeletons
  3 mummies (Crypt:1)
  A worker ant zombie (D:6)
  Robin (D:4)
  13 gnolls
  26 adders
  3 shadow imps
  2 white imps (Abyss:3)
  3 ufetubi
  An ooze (D:2)
  4 worms
  A ball lightning (Depths:2)
  A dart slug (D:5)
  7 leopard geckos
  121 orcs
  5 giant cockroaches
  12 goblins
  14 hobgoblins
  16 jackals
  31 kobolds
  4 quokkas
  9 bats
  7 frilled lizards
  A hobgoblin skeleton (Crypt:2)
  An orc skeleton (Abyss:3)
  A quokka skeleton (D:7)
  5 rats
  2 crawling corpses (Vaults:5)
  4 lurking horrors (Abyss:3)
  2 plants (Lair:4)
  7 starspawn tentacles (Abyss:3)
3048 creatures vanquished.

Vanquished Creatures (collateral kills)
  2 naga warriors (Snake:3)
2 creatures vanquished.

Vanquished Creatures (others)
  A fire giant (Depths:3)
  2 draconian knights
  A very ugly thing (Depths:2)
  A deep elf knight (Elf:1)
  A molten gargoyle (Depths:2)
  A polar bear (IceCv)
  A yak (IceCv)
  3 humans (D:12)
  An orc warrior (Vaults:2)
  A centaur (Depths:3)
  An ogre (Vaults:3)
  5 wolves (IceCv)
  A crimson imp (D:14)
  A worker ant (D:12)
  10 ball lightnings (Depths:2)
  2 orcs
  A briar patch (Swamp:1)
  14 bushes (Depths:1)
  6 fungi
  15 plants
  4 starspawn tentacles (Abyss:3)
73 creatures vanquished.

Grand Total: 3123 creatures vanquished

Notes
Turn   | Place    | Note
-------+----------+-------------------------------------------
     0 | D:1      | Kagalorn the Gnoll Earth Elementalist began the quest for
                  | the Orb.
     0 | D:1      | Reached XP level 1. HP: 13/13 MP: 6/6
   399 | D:1      | Reached XP level 2. HP: 19/19 MP: 4/7
   946 | D:1      | Reached XP level 3. HP: 25/25 MP: 9/9
  1136 | D:1      | Reached skill level 5 in Spellcasting
  1441 | D:2      | Reached skill level 1 in Invocations
  1460 | D:2      | Learned a level 2 spell: Passwall
  1511 | D:2      | Reached skill level 1 in Fighting
  1511 | D:2      | Reached skill level 1 in Short Blades
  1511 | D:2      | Reached skill level 1 in Long Blades
  1511 | D:2      | Reached skill level 1 in Axes
  1511 | D:2      | Reached skill level 1 in Maces & Flails
  1511 | D:2      | Reached skill level 1 in Polearms
  1511 | D:2      | Reached skill level 1 in Staves
  1511 | D:2      | Reached skill level 1 in Slings
  1511 | D:2      | Reached skill level 1 in Bows
  1511 | D:2      | Reached skill level 1 in Crossbows
  1511 | D:2      | Reached skill level 1 in Throwing
  1511 | D:2      | Reached skill level 1 in Armour
  1511 | D:2      | Reached skill level 1 in Shields
  1511 | D:2      | Reached skill level 1 in Unarmed Combat
  1511 | D:2      | Reached skill level 1 in Evocations
  1511 | D:2      | Reached XP level 4. HP: 31/32 MP: 7/11
  1951 | D:2      | Found a snail-covered altar of Cheibriados.
  1987 | D:2      | Reached skill level 1 in Conjurations
  1987 | D:2      | Reached skill level 1 in Hexes
  1987 | D:2      | Reached skill level 1 in Charms
  1987 | D:2      | Reached skill level 1 in Summonings
  1987 | D:2      | Reached skill level 1 in Necromancy
  1987 | D:2      | Reached skill level 1 in Translocations
  1987 | D:2      | Reached skill level 1 in Fire Magic
  1987 | D:2      | Reached skill level 1 in Ice Magic
  1987 | D:2      | Reached skill level 1 in Air Magic
  1987 | D:2      | Reached skill level 1 in Poison Magic
  2323 | D:3      | Reached XP level 5. HP: 36/37 MP: 12/12
  3072 | D:3      | Found a runed translucent gate.
  3074 | D:3      | Found an opulent altar of Gozag.
  3075 | D:3      | Found a runed translucent gate.
  3076 | D:3      | Found a runed translucent gate.
  3077 | D:3      | Noticed an ogre
  3077 | D:3      | Noticed farkougg's ghost (amateur MiGl)
  3299 | D:4      | Found a blossoming altar of Fedhas.
  3299 | D:4      | Noticed a phantom
  3310 | D:4      | Killed a phantom
  3310 | D:4      | Reached skill level 2 in Invocations
  3310 | D:4      | Reached XP level 6. HP: 39/44 MP: 8/14
  3353 | D:4      | Noticed Robin
  3371 | D:3      | Reached skill level 5 in Dodging
  3614 | D:4      | Killed Robin
  3674 | D:4      | Found a transporter.
  3765 | D:4      | Reached XP level 7. HP: 33/50 MP: 8/15
  3935 | D:4      | Found a sparkling altar of Nemelex Xobeh.
  3935 | D:4      | Found an iron altar of Okawaru.
  4019 | D:4      | Found a transporter.
  4237 | D:4      | Found a staircase to the Ecumenical Temple.
  4247 | Temple   | Entered the Ecumenical Temple
  4561 | D:5      | Entered Level 5 of the Dungeon
  4658 | D:5      | Reached skill level 5 in Stealth
  4896 | D:5      | Reached skill level 3 in Invocations
  5067 | D:5      | Found a shattered altar of Ashenzari.
  5103 | D:5      | Became a worshipper of Ashenzari the Shackled
  5120 | D:5      | Found a white marble altar of Elyvilon.
  5143 | D:5      | Reached XP level 8. HP: 57/57 MP: 16/16
  5583 | D:5      | Got the rapier of the Ancients {venom, rF+ MR- Str+5}
  5584 | D:5      | Identified the +10 rapier of the Ancients {venom, rF+ MR-
                  | Str+5} (You found it on level 5 of the Dungeon)
  5755 | D:6      | Found a runed translucent door.
  5756 | D:6      | Found a glowing golden altar of the Shining One.
  5756 | D:6      | Noticed an angel
  6093 | D:6      | Found Qafekhle's General Store.
  6095 | D:6      | Identified the +7 chain mail of Poor Excuses {rF+ Str+4
                  | Slay+2}
  6101 | D:6      | Bought a potion of flight for 33 gold pieces
  6206 | D:6      | Found a stormy altar of Qazlal.
  6247 | D:6      | Reached skill level 4 in Invocations
  6606 | D:6      | Reached * piety under Ashenzari
  6684 | D:6      | Reached XP level 9. HP: 65/65 MP: 15/18
  6733 | D:7      | Found a runed translucent door.
  6759 | D:7      | Found the +10 tower shield of Ignorance {rN+ Int-4}
  6764 | D:7      | Found a runed translucent door.
  6766 | D:7      | Noticed an orange crystal statue
  6775 | D:7      | Identified the +1 leather armour "Ramelagg" {rCorr}
  6829 | D:7      | Noticed Prince Ribbit
  6843 | D:7      | Killed Prince Ribbit
  6894 | D:7      | Noticed Harold
  6906 | D:7      | Killed Harold
  6906 | D:7      | Reached skill level 5 in Invocations
  6942 | D:7      | Found Wusoi's Antique Armour Emporium.
  6989 | D:7      | Reached XP level 10. HP: 50/73 MP: 5/20
  7821 | D:8      | Noticed a -1 dagger
  7822 | D:8      | Found a hide-covered altar of Uskayaw.
  7823 | D:8      | Noticed a +0 hand axe
  7909 | D:8      | Reached skill level 5 in Fighting
  7909 | D:8      | Reached skill level 5 in Short Blades
  7909 | D:8      | Reached skill level 5 in Long Blades
  7909 | D:8      | Reached skill level 5 in Axes
  7909 | D:8      | Reached skill level 5 in Maces & Flails
  7909 | D:8      | Reached skill level 5 in Polearms
  7909 | D:8      | Reached skill level 5 in Staves
  7909 | D:8      | Reached skill level 5 in Slings
  7909 | D:8      | Reached skill level 5 in Bows
  7909 | D:8      | Reached skill level 5 in Crossbows
  7909 | D:8      | Reached skill level 5 in Throwing
  7909 | D:8      | Reached skill level 5 in Armour
  7909 | D:8      | Reached skill level 5 in Shields
  7909 | D:8      | Reached skill level 5 in Unarmed Combat
  7909 | D:8      | Reached skill level 5 in Evocations
  7954 | D:8      | Found a staircase to the Lair.
  8096 | D:9      | Found a glowing silver altar of Zin.
  8157 | D:9      | Found a shadowy altar of Dithmenos.
  8163 | D:9      | Noticed Maurice
  8177 | D:9      | Killed Maurice
  8226 | D:9      | Found a sacrificial altar of Ru.
  8391 | D:9      | Reached skill level 5 in Transmutations
  8720 | D:9      | Reached ** piety under Ashenzari
  8727 | D:9      | Reached skill level 6 in Invocations
  8766 | D:9      | Found a hazy altar of Hepliaklqana.
  9020 | D:10     | Entered Level 10 of the Dungeon
  9152 | D:10     | Noticed a vault guard
  9195 | D:10     | Killed a vault guard
  9377 | D:10     | Found a portal to a secret trove of treasure.
  9417 | D:10     | Reached XP level 11. HP: 56/81 MP: 12/22
 10583 | D:11     | Noticed a two-headed ogre
 10599 | D:11     | Killed a two-headed ogre
 10599 | D:11     | Reached skill level 5 in Conjurations
 10599 | D:11     | Reached skill level 5 in Hexes
 10599 | D:11     | Reached skill level 5 in Charms
 10599 | D:11     | Reached skill level 5 in Summonings
 10599 | D:11     | Reached skill level 5 in Necromancy
 10599 | D:11     | Reached skill level 5 in Translocations
 10599 | D:11     | Reached skill level 5 in Fire Magic
 10599 | D:11     | Reached skill level 5 in Ice Magic
 10599 | D:11     | Reached skill level 5 in Air Magic
 10599 | D:11     | Reached skill level 5 in Poison Magic
 11336 | D:11     | Killed an unseen horror
 11597 | Lair:1   | Entered Level 1 of the Lair of Beasts
 11840 | Lair:1   | Reached skill level 7 in Invocations
 13168 | Lair:2   | Reached XP level 12. HP: 89/89 MP: 21/24
 13324 | Lair:2   | Found a staircase to the Snake Pit.
 13540 | Lair:2   | Reached *** piety under Ashenzari
 14922 | Lair:2   | Reached skill level 8 in Invocations
 15144 | Lair:3   | Found a shimmering altar of Xom.
 15341 | Lair:3   | Noticed a six-headed hydra
 15377 | Lair:3   | Killed a six-headed hydra
 16460 | Lair:4   | Reached XP level 13. HP: 98/98 MP: 24/26
 16678 | Lair:4   | Found a staircase to the Swamp.
 18192 | Lair:4   | Reached skill level 9 in Invocations
 18438 | Lair:5   | Reached **** piety under Ashenzari
 18806 | Lair:5   | Identified a scroll of acquirement
 18838 | Lair:5   | Found a sparkling altar of Nemelex Xobeh.
 19508 | Lair:5   | Found the +8 whip "Snakebite" {curare, rPois}
 19680 | Lair:6   | Entered Level 6 of the Lair of Beasts
 19680 | Lair:6   | Found a staircase to the Slime Pits.
 19680 | Lair:6   | Found a viscous altar of Jiyva.
 20006 | Lair:6   | Reached skill level 10 in Spellcasting
 20042 | Lair:6   | Reached XP level 14. HP: 106/106 MP: 28/28
 20736 | Lair:6   | Reached skill level 10 in Dodging
 20769 | Lair:6   | Found a transporter.
 20831 | Lair:6   | Found a bloodstained altar of Trog.
 20906 | Lair:6   | Identified the +3 spear "Etzyz" {speed, rElec rPois MR-
                  | Int-2}
 20906 | Lair:6   | Noticed skumtomte's ghost (journeyman TrIE)
 21081 | Lair:6   | Reached skill level 10 in Stealth
 21517 | Lair:6   | Reached skill level 10 in Invocations
 21568 | Lair:6   | Identified the +5 spear of Puijatar {antimagic, *Corrode
                  | rPois rF++ Stlth+}
 21652 | Lair:6   | Found a transporter.
 22583 | Lair:6   | Found a large runed translucent door.
 22867 | Lair:6   | Found a large runed translucent door.
 23453 | D:12     | Noticed lllmatko's ghost (novice MiBe)
 23459 | D:12     | Found a runed translucent door.
 23459 | D:12     | Noticed Rupert
 23476 | D:12     | Killed Rupert
 23476 | D:12     | Reached XP level 15. HP: 104/114 MP: 29/29
 23560 | D:12     | Noticed Kirke
 23750 | D:12     | Killed Kirke
 23782 | D:12     | Found a staircase to the Orcish Mines.
 23810 | D:12     | Found a roughly hewn altar of Beogh.
 24045 | D:12     | Noticed a frost giant
 24828 | Orc:1    | Entered Level 1 of the Orcish Mines
 24876 | Orc:1    | Reached ***** piety under Ashenzari
 25010 | Orc:1    | Found Idyzaere's Weapon Boutique.
 25087 | Orc:2    | Entered Level 2 of the Orcish Mines
 25089 | Orc:2    | Found Cimeam's Food Shop.
 25122 | Orc:2    | Found a frozen archway.
 25184 | IceCv    | Entered an ice cave
 25415 | IceCv    | Learned a level 5 spell: Lee's Rapid Deconstruction
 25737 | IceCv    | Reached skill level 10 in Earth Magic
 26034 | IceCv    | Noticed a frost giant
 26047 | IceCv    | Killed a frost giant
 26063 | IceCv    | Reached skill level 10 in Fighting
 26063 | IceCv    | Reached skill level 10 in Short Blades
 26063 | IceCv    | Reached skill level 10 in Long Blades
 26063 | IceCv    | Reached skill level 10 in Axes
 26063 | IceCv    | Reached skill level 10 in Maces & Flails
 26063 | IceCv    | Reached skill level 10 in Polearms
 26063 | IceCv    | Reached skill level 10 in Staves
 26063 | IceCv    | Reached skill level 10 in Slings
 26063 | IceCv    | Reached skill level 10 in Bows
 26063 | IceCv    | Reached skill level 10 in Crossbows
 26063 | IceCv    | Reached skill level 10 in Throwing
 26063 | IceCv    | Reached skill level 10 in Armour
 26063 | IceCv    | Reached skill level 10 in Shields
 26063 | IceCv    | Reached skill level 10 in Unarmed Combat
 26063 | IceCv    | Reached skill level 10 in Evocations
 27222 | Orc:2    | Noticed Snorg
 27239 | Orc:1    | Found Byast's Food Shop.
 27487 | Orc:1    | Found a roughly hewn altar of Beogh.
 27535 | Orc:1    | Noticed Sonja
 27546 | Orc:1    | Noticed Sonja
 27546 | Orc:1    | Sonja changed into Sonja the spiny frog
 27552 | Orc:1    | Killed Sonja the spiny frog
 27791 | Orc:2    | Found a staircase to the Elven Halls.
 27834 | Orc:2    | Noticed an orc warlord
 27845 | Orc:1    | Reached skill level 11 in Invocations
 28175 | Orc:1    | Killed an orc warlord
 28579 | Orc:2    | Killed Snorg
 28942 | Orc:2    | Found Rytusu's Magic Scroll Shop.
 28942 | Orc:2    | Found Diesaow's Gadget Emporium.
 28944 | Orc:2    | Found Jioninai's Jewellery Shoppe.
 28983 | Orc:2    | Found Tasylew's Distillery.
 28987 | Orc:2    | Bought a scroll of remove curse for 45 gold pieces
 29237 | D:12     | Reached XP level 16. HP: 79/122 MP: 25/31
 29302 | D:12     | Noticed Psyche
 29306 | D:12     | Killed Psyche
 29716 | D:12     | Identified Ymmeceve's Incunabulum of Evil Magic
 29936 | D:12     | Killed lllmatko's ghost
 30221 | D:7      | Bought an embroidered scarf for 208 gold pieces
 30521 | D:3      | Killed farkougg's ghost
 31303 | D:13     | Found a gate to the Vaults.
 32850 | D:14     | Upgraded the game from 0.25.0-8-gfd19cd77bd to
                  | 0.25.0-9-g26727b657a
 32888 | D:14     | Learned a level 1 spell: Apportation
 32890 | D:14     | Learned a level 1 spell: Summon Butterflies
 32894 | D:14     | Learned a level 3 spell: Mephitic Cloud
 32898 | D:14     | Learned a level 3 spell: Tukima's Dance
 32903 | D:14     | Learned a level 4 spell: Petrify
 33140 | D:10     | You paid a toll of 2 scrolls of acquirement to enter a
                  | treasure trove
 33141 | Trove    | Entered a treasure trove
 33168 | Trove    | Got the cursed longbow of the World {venom, rC+ Dex+2}
 33170 | Trove    | Got the rapier of Inconvenience {vorpal, +Inv rC- MR+
                  | Str+7}
 33177 | Trove    | Identified the +1 rapier of Inconvenience {vorpal, +Inv rC-
                  | MR+ Str+7} (You found it in a treasure trove)
 33200 | Trove    | Got the cursed quick blade "Fovikk" {drain, *Drain +Fly
                  | MR+}
 34253 | D:14     | Identified the +2 ring mail "Meva" {rElec rF+ MR+ Dex+4}
 34875 | D:15     | Entered Level 15 of the Dungeon
 34917 | D:15     | Found Makaxel's Magic Scroll Boutique.
 34930 | D:15     | Bought a scroll of remove curse for 45 gold pieces
 34930 | D:15     | Bought a scroll of teleportation for 45 gold pieces
 35290 | Swamp:1  | Entered Level 1 of the Swamp
 35315 | Swamp:1  | Got the cursed amulet of Uruf {rC++ Regen+ Int+4}
 35391 | Swamp:1  | Noticed Nikola
 35419 | Swamp:1  | Killed Nikola
 35502 | Swamp:1  | Noticed a thorn hunter
 35540 | Swamp:1  | Killed a thorn hunter
 35698 | Swamp:1  | Reached XP level 17. HP: 91/131 MP: 33/33
 35978 | Swamp:1  | Reached skill level 12 in Invocations
 36756 | Swamp:2  | Found a hide-covered altar of Uskayaw.
 36978 | Swamp:2  | Noticed Roxanne
 37199 | Swamp:2  | Found a runed translucent door.
 37199 | Swamp:2  | Found a shimmering altar of Xom.
 37199 | Swamp:2  | Noticed Hydoar's ghost (adept FoFi)
 38990 | Swamp:2  | Found a hide-covered altar of Uskayaw.
 39162 | Swamp:3  | Reached skill level 10 in Transmutations
 40297 | Swamp:4  | Entered Level 4 of the Swamp
 41836 | Swamp:4  | Reached skill level 10 in Conjurations
 41836 | Swamp:4  | Reached skill level 10 in Hexes
 41836 | Swamp:4  | Reached skill level 10 in Charms
 41836 | Swamp:4  | Reached skill level 10 in Summonings
 41836 | Swamp:4  | Reached skill level 10 in Necromancy
 41836 | Swamp:4  | Reached skill level 10 in Translocations
 41836 | Swamp:4  | Reached skill level 10 in Fire Magic
 41836 | Swamp:4  | Reached skill level 10 in Ice Magic
 41836 | Swamp:4  | Reached skill level 10 in Air Magic
 41836 | Swamp:4  | Reached skill level 10 in Poison Magic
 42105 | Swamp:3  | Reached XP level 18. HP: 136/139 MP: 34/34
 42632 | Swamp:4  | Got a decaying rune of Zot
 42976 | Orc:2    | Bought the ring of Subb {rPois EV+4} for 566 gold pieces
 43182 | Snake:1  | Entered Level 1 of the Snake Pit
 43944 | Snake:1  | Reached ****** piety under Ashenzari
 44376 | Snake:2  | Found Duifyud's Antique Weapon Shoppe.
 44490 | Snake:2  | Found Qaoggaaw's General Store.
 44519 | Snake:2  | Bought 3 scrolls of remove curse for 189 gold pieces
 44519 | Snake:2  | Bought a scroll of remove curse for 63 gold pieces
 45181 | Snake:2  | Identified the cursed +1 leather armour of Besmidee {Harm
                  | Regen+ rCorr}
 45283 | Snake:2  | Found Cifrifer's Jewellery Emporium.
 45301 | Snake:2  | Noticed Aizul
 45388 | Snake:1  | Killed Aizul
 45589 | Snake:2  | Reached skill level 13 in Invocations
 45619 | Snake:2  | Identified the cursed +1 robe "Hivag" {*Drain rN+ MR++}
 45995 | Snake:3  | Identified the ring "Lunoc" {rPois rC- Str+4 SInv}
 48045 | Snake:3  | Learned a level 3 spell: Frozen Ramparts
 48081 | Snake:4  | Entered Level 4 of the Snake Pit
 48327 | Snake:4  | Noticed Vashnia
 48661 | Snake:4  | Reached XP level 19. HP: 100/147 MP: 8/36
 49865 | Snake:4  | Got a serpentine rune of Zot
 50264 | Snake:4  | Found Gulan's Armour Boutique.
 50267 | Snake:4  | Bought a +2 pair of boots of stealth for 451 gold pieces
 50375 | Snake:4  | Found View's Antique Armour Boutique.
 50401 | Snake:4  | Bought a pair of glowing boots for 315 gold pieces
 50671 | Snake:3  | Killed Vashnia
 51553 | Lair:4   | Learned a level 6 spell: Iron Shot
 51700 | Lair:6   | Killed skumtomte's ghost
 51948 | Swamp:2  | Killed Roxanne
 51961 | Swamp:2  | Learned a level 6 spell: Statue Form
 52026 | Swamp:2  | Killed Hydoar's ghost
 52997 | D:15     | Noticed Azrael
 53035 | D:15     | Killed Azrael
 53222 | D:15     | Found a staircase to the Depths.
 53302 | D:15     | Found a transporter.
 53306 | D:15     | Found a transporter.
 53306 | D:15     | Noticed Giaff's ghost (journeyman DsGl)
 53392 | D:15     | Found Imnojopn's Gadget Shoppe.
 53501 | D:15     | Found the +12 glaive of Prune {vorpal}
 53509 | D:15     | Reached XP level 20. HP: 155/155 MP: 34/37
 53866 | D:15     | Killed Giaff's ghost
 53866 | D:15     | Reached skill level 14 in Invocations
 54050 | Vaults:1 | Entered Level 1 of the Vaults
 54145 | Vaults:1 | Found a magical portal.
 54160 | WizLab   | Entered Zonguldrok's Shrine
 54584 | WizLab   | Noticed an antique lich
 54596 | WizLab   | Paralysed by an antique lich for 4 turns
 54749 | WizLab   | Paralysed by an antique lich for 5 turns
 54755 | WizLab   | Paralysed by an antique lich for 2 turns
 54769 | WizLab   | Killed an antique lich
 54822 | WizLab   | Found the +9 sword of Zonguldrok {reap}
 54894 | Vaults:1 | Found a snail-covered altar of Cheibriados.
 56096 | Vaults:1 | Noticed Asterion
 56291 | Vaults:1 | Identified the +10 scimitar of Vanwushu {vorpal, rPois rC+
                  | Int+2} (You found it on level 1 of the Vaults)
 56470 | Vaults:1 | Killed Asterion
 56470 | Vaults:1 | Reached XP level 21. HP: 139/163 MP: 2/39
 58262 | Vaults:2 | Found Meosmoda's Magic Scroll Boutique.
 58270 | Vaults:2 | Bought a scroll of amnesia for 66 gold pieces
 58270 | Vaults:2 | Bought 3 scrolls of teleportation for 171 gold pieces
 58270 | Vaults:2 | Bought a scroll of enchant weapon for 142 gold pieces
 58270 | Vaults:2 | Bought a scroll of remove curse for 57 gold pieces
 58270 | Vaults:2 | Bought a scroll of fear for 66 gold pieces
 58270 | Vaults:2 | Bought a scroll of teleportation for 57 gold pieces
 58270 | Vaults:2 | Bought a scroll of fog for 38 gold pieces
 58956 | Vaults:3 | Found a staircase to the Crypt.
 58985 | Vaults:3 | Reached skill level 15 in Invocations
 60044 | Vaults:3 | Found a runed translucent door.
 60044 | Vaults:3 | Noticed Kipt's ghost (adept SpFE)
 60068 | Vaults:3 | Killed Kipt's ghost
 60449 | Crypt:1  | Entered Level 1 of the Crypt
 60618 | Vaults:4 | Found a flickering gateway to a bazaar.
 60637 | Bazaar   | Entered a bazaar
 60637 | Bazaar   | Found Urifuk's Antique Armour Boutique.
 60637 | Bazaar   | Found Ridaw's Weapon Shop.
 60637 | Bazaar   | Found Uschyotu's Gadget Shop.
 60637 | Bazaar   | Found Ginecsea's Distillery.
 60655 | Bazaar   | Bought a spiked ring mail for 162 gold pieces
 60655 | Bazaar   | Identified the cursed +1 ring mail of Trial and Error {rC+
                  | Int+2} (You bought it in a shop in a bazaar)
 60659 | Bazaar   | Bought a potion of heal wounds for 55 gold pieces
 60659 | Bazaar   | Bought a potion of brilliance for 44 gold pieces
 60659 | Bazaar   | Bought a potion of heal wounds for 55 gold pieces
 60659 | Bazaar   | Bought 2 potions of heal wounds for 110 gold pieces
 60659 | Bazaar   | Bought a potion of curing for 33 gold pieces
 60659 | Bazaar   | Bought a potion of might for 44 gold pieces
 60659 | Bazaar   | Bought a potion of curing for 33 gold pieces
 60659 | Bazaar   | Bought a potion of heal wounds for 55 gold pieces
 60661 | Bazaar   | Bought a box of beasts for 180 gold pieces
 60661 | Bazaar   | Bought a phantom mirror for 270 gold pieces
 60661 | Bazaar   | Bought a phantom mirror for 270 gold pieces
 60661 | Bazaar   | Bought a box of beasts for 180 gold pieces
 60661 | Bazaar   | Bought a box of beasts for 180 gold pieces
 60701 | Vaults:4 | Reached XP level 22. HP: 172/172 MP: 34/40
 61763 | Vaults:4 | Paralysed by a lich for 5 turns
 61772 | Vaults:4 | Paralysed by a lich for 4 turns
 61783 | Vaults:4 | Reached skill level 15 in Spellcasting
 63458 | Orc:2    | Bought an uncursed ring of protection from magic for 300
                  | gold pieces
 63556 | Elf:1    | Entered Level 1 of the Elven Halls
 63951 | Elf:1    | Identified the Tome of Combat Magic and Companions
 64016 | Elf:1    | Found Nuta's General Store.
 64019 | Elf:1    | Bought a potion of heal wounds for 50 gold pieces
 64019 | Elf:1    | Bought a scroll of enchant weapon for 75 gold pieces
 64019 | Elf:1    | Bought a scroll of remove curse for 30 gold pieces
 64070 | Elf:1    | Reached skill level 15 in Dodging
 64117 | Elf:1    | Found Ywashraf's Book Emporium.
 64176 | Elf:1    | Noticed Jorgrun
 64179 | Elf:1    | Killed Jorgrun
 64394 | Elf:1    | Found Ucag's Weapon Emporium.
 64410 | Elf:1    | Found Jayximp's Antique Weapon Shop.
 64820 | Elf:2    | Noticed Agnes
 64827 | Elf:2    | Killed Agnes
 65005 | Elf:2    | Found a runed translucent gate.
 65005 | Elf:2    | Found a runed translucent gate.
 65008 | Elf:2    | Reached skill level 15 in Stealth
 65009 | Elf:2    | Found a runed translucent gate.
 65380 | Elf:2    | Learned a level 6 spell: Freezing Cloud
 66165 | Elf:3    | Entered Level 3 of the Elven Halls
 66341 | Elf:3    | Reached XP level 23. HP: 179/179 MP: 42/42
 66396 | Elf:3    | Found Vikicval's Weapon Emporium.
 67261 | Elf:3    | Identified the +0 chain mail "Kiashreh" {Str+4 Int+3}
 67261 | Elf:3    | Cast into level 3 of the Abyss (+0 long sword of
                  | distortion)
 67277 | Elf:3    | Escaped the Abyss
 67369 | Elf:3    | Identified the +3 swamp dragon scales of the Wilderness
                  | {rPois rCorr}
 67546 | Elf:3    | Reached skill level 16 in Invocations
 67728 | Elf:3    | Identified the +12 long sword "Xuiwale" {drain, rPois MR+++
                  | Str-2 Dex-2}
 67737 | Elf:3    | Identified the +8 war axe "Xaysm" {vorpal, Int+4}
 68412 | Elf:3    | Found the +3 hat of Pondering {ponderous, MR+ MP+10 Int+5}
 68421 | Elf:3    | Identified the +1 tower shield of Tipnuci {rElec}
 68740 | Elf:3    | Identified the Incunabulum of Battle Magic
 69068 | Depths:1 | Entered Level 1 of the Depths
 69139 | Depths:1 | Found a gateway to Hell.
 69149 | Depths:1 | Reached skill level 15 in Fighting
 69149 | Depths:1 | Reached skill level 15 in Short Blades
 69149 | Depths:1 | Reached skill level 15 in Long Blades
 69149 | Depths:1 | Reached skill level 15 in Axes
 69149 | Depths:1 | Reached skill level 15 in Maces & Flails
 69149 | Depths:1 | Reached skill level 15 in Polearms
 69149 | Depths:1 | Reached skill level 15 in Staves
 69149 | Depths:1 | Reached skill level 15 in Slings
 69149 | Depths:1 | Reached skill level 15 in Bows
 69149 | Depths:1 | Reached skill level 15 in Crossbows
 69149 | Depths:1 | Reached skill level 15 in Throwing
 69149 | Depths:1 | Reached skill level 15 in Armour
 69149 | Depths:1 | Reached skill level 15 in Shields
 69149 | Depths:1 | Reached skill level 15 in Unarmed Combat
 69149 | Depths:1 | Reached skill level 15 in Evocations
 69293 | Depths:1 | Found the +8 Wrath of Trog {antimagic, *Rage}
 69589 | Depths:1 | Found Isenuh's Distillery.
 69745 | Depths:1 | Found Huerovig's One-of-a-Kind Books.
 70667 | Depths:2 | Reached XP level 24. HP: 187/187 MP: 20/42
 70848 | Depths:2 | Identified the +3 leather armour "Tahon" {Harm}
 71085 | Depths:2 | Identified the +7 hand axe of Vajaxe {vorpal, *Slow MR+
                  | Dex+5 SInv}
 71086 | Depths:2 | Noticed a juggernaut
 71087 | Depths:2 | a juggernaut changed into a titan
 71090 | Depths:2 | Noticed a caustic shrike
 71090 | Depths:2 | a titan changed into a caustic shrike
 71092 | Depths:2 | a caustic shrike changed into a quicksilver dragon
 71445 | Depths:2 | Found a one-way gate to the infinite horrors of the Abyss.
 71718 | Depths:2 | Identified the cursed -2 tower shield "Wuimusk" {rC+ Int+2
                  | Slay+2}
 72789 | Depths:3 | Noticed Bai Suzhen
 72823 | Depths:3 | Killed Bai Suzhen
 73479 | Depths:3 | Found a one-way gate leading to the halls of Pandemonium.
 73553 | Depths:4 | Found a corrupted altar of Lugonu.
 73613 | Depths:4 | Found a gateway to a ziggurat.
 74018 | Depths:4 | Reached skill level 17 in Invocations
 74449 | Depths:4 | Reached XP level 25. HP: 195/195 MP: 31/43
 74485 | Depths:4 | Noticed a juggernaut
 74508 | Depths:4 | Killed a juggernaut
 74683 | Depths:4 | Noticed a juggernaut
 74694 | Depths:4 | Killed a juggernaut
 74940 | Depths:4 | Noticed a greater mummy
 74966 | Depths:4 | Killed a greater mummy
 75245 | Depths:5 | Entered Level 5 of the Depths
 75319 | Depths:5 | Noticed a juggernaut
 75421 | Depths:4 | Killed a juggernaut
 75941 | Depths:5 | Identified the +2 scale mail of Parts Unknown {rF- MR+
                  | Dex+4}
 75941 | Depths:5 | Found a gate to the Realm of Zot.
 76012 | Depths:5 | Noticed Margery
 76202 | Depths:5 | Reached XP level 26. HP: 204/204 MP: 40/43
 76265 | Depths:5 | Got the cursed ring "Cuuf" {rElec rPois rN++ Str+6 SInv}
 76560 | Depths:5 | Found a runed translucent door.
 76570 | Depths:5 | Killed Margery
 76570 | Depths:5 | Reached skill level 15 in Earth Magic
 77067 | Depths:5 | Noticed Pafin's ghost (veteran GrVM)
 77077 | Depths:5 | Killed Pafin's ghost
 78662 | Crypt:2  | Reached skill level 18 in Invocations
 79788 | Crypt:3  | Entered Level 3 of the Crypt
 79900 | Crypt:3  | Learned a level 8 spell: Ignition
 80279 | Crypt:3  | Found a basalt altar of Yredelemnul.
 80572 | Crypt:3  | Found the +6 Majin-Bo {vamp, Archmagi MP+6 Int+6}
 80576 | Crypt:3  | Reached XP level 27. HP: 212/212 MP: 44/44
 81133 | Crypt:3  | Found a staircase to the Tomb.
 81133 | Crypt:3  | Noticed an ancient lich
 81143 | Crypt:3  | Killed an ancient lich
 81154 | Crypt:3  | Found the +12 Vampire's Tooth {vamp}
 81404 | Vaults:5 | Entered Level 5 of the Vaults
 81413 | Vaults:5 | Noticed Mara
 81417 | Vaults:5 | Noticed Kagalorn's illusion
 81429 | Vaults:5 | Reached skill level 15 in Transmutations
 81517 | Vaults:5 | Identified the amulet of Due Proportion {RegenMP *Drain
                  | MR+++ Str+4 Dex+3}
 81779 | Vaults:5 | Identified the +7 broad axe "Mipiengo" {venom, rPois Str-2
                  | Dex+2}
 81871 | Vaults:5 | Reached skill level 15 in Conjurations
 81871 | Vaults:5 | Reached skill level 15 in Hexes
 81871 | Vaults:5 | Reached skill level 15 in Charms
 81871 | Vaults:5 | Reached skill level 15 in Summonings
 81871 | Vaults:5 | Reached skill level 15 in Necromancy
 81871 | Vaults:5 | Reached skill level 15 in Translocations
 81871 | Vaults:5 | Reached skill level 15 in Fire Magic
 81871 | Vaults:5 | Reached skill level 15 in Ice Magic
 81871 | Vaults:5 | Reached skill level 15 in Air Magic
 81871 | Vaults:5 | Reached skill level 15 in Poison Magic
 81967 | Vaults:5 | Paralysed by a floating eye for 3 turns
 81996 | Vaults:5 | Noticed Saint Roka
 82020 | Vaults:5 | Cast into level 3 of the Abyss (Saint Roka)
 82030 | Vaults:5 | Escaped the Abyss
 82042 | Vaults:5 | Killed Saint Roka
 82111 | Vaults:5 | Identified the cursed +1 leather armour "Satsy" {Str+3
                  | Slay+3}
 82424 | Vaults:5 | Identified the ring of Qocosixt {Int+7 Stlth-}
 82424 | Vaults:5 | Identified the ring of Qocosixt {Int+7 Stlth-}
 82424 | Vaults:5 | Identified the ring of Qocosixt {Int+7 Stlth-}
 82425 | Vaults:5 | Reached skill level 19 in Invocations
 82429 | Vaults:5 | Noticed Kagalorn's illusion
 82657 | Vaults:5 | Identified the +2 robe of Hasaick {*Corrode rF+ MR++ Str+2}
 82669 | Vaults:5 | Identified the +9 war axe of Truth {venom, *Noise rF+++
                  | Str+4 Int+2}
 82914 | Vaults:5 | Noticed Kagalorn's illusion
 82921 | Vaults:5 | Killed Mara
 83041 | Vaults:5 | Identified the cursed +3 longbow of the World {venom, rC+
                  | Dex+2} (You found it in a treasure trove)
 83041 | Vaults:5 | Identified the cursed +3 quick blade "Fovikk" {drain,
                  | *Drain +Fly MR+} (You found it in a treasure trove)
 83041 | Vaults:5 | Identified the +3 hand axe of Oenomania {drain, rPois rF+}
 83041 | Vaults:5 | Identified the cursed +1 mace of Wyrd {freeze, rPois Str+2}
                  | (You found it on level 2 of the Depths)
 83180 | Vaults:5 | Got a silver rune of Zot
 84462 | Slime:1  | Entered Level 1 of the Pits of Slime
 84554 | Slime:2  | Gained mutation: Your spells are a little easier to cast,
                  | but a little less powerful. [a shining eye]
 84673 | Slime:2  | Found a viscous altar of Jiyva.
 84938 | Slime:1  | Gained mutation: You are clumsy. (Dex -2) [a shining eye]
 85254 | Slime:5  | Entered Level 5 of the Pits of Slime
 85750 | Slime:5  | Found a viscous altar of Jiyva.
 85752 | Slime:5  | Noticed the Royal Jelly
 85767 | Slime:5  | Identified the cursed +1 broad axe of the Screaming Goat
                  | {protect, Fragile rElec rPois Dex+8}
 85767 | Slime:5  | Found the +3 giant club "Skullcrusher" {speed, Str+7}
 85781 | Slime:5  | Killed the Royal Jelly
 85806 | Slime:5  | Identified the +1 demon blade "Worop" {freeze, Int+3}
 85829 | Slime:5  | Identified the ring of Sovereignty {Fire rElec Int-2 Dex+10
                  | SInv}
 85838 | Slime:5  | Got a slimy rune of Zot
 85844 | Slime:5  | Identified the +8 mace of Infinity {freeze, rC+ Stlth+}
 85862 | Slime:5  | Identified the +2 arbalest "Xaupte" {vorpal, +Inv rElec
                  | rC++ Str-4}
 85862 | Slime:5  | Identified the +9 scimitar "Sealegrisuy" {venom, rElec
                  | Str+3 Int+3}
 86306 | Lair:6   | Lost mutation: You are clumsy. (Dex -2) [potion of
                  | mutation]
 86306 | Lair:6   | Lost mutation: Your spells are a little easier to cast, but
                  | a little less powerful. [potion of mutation]
 86306 | Lair:6   | Gained mutation: Your spells are a little easier to cast,
                  | but a little less powerful. [potion of mutation]
 86306 | Lair:6   | Gained mutation: Scrolls take you a little longer to read.
                  | [potion of mutation]
 86306 | Lair:6   | Gained mutation: Your skin changes colour to match your
                  | surroundings (Stealth+). [potion of mutation]
 86306 | Lair:6   | Gained mutation: Your flesh is heat resistant. (rF+)
                  | [potion of mutation]
 86307 | Lair:6   | Lost mutation: Scrolls take you a little longer to read.
                  | [potion of mutation]
 86307 | Lair:6   | Lost mutation: Your skin changes colour to match your
                  | surroundings (Stealth+). [potion of mutation]
 86307 | Lair:6   | Lost mutation: Your flesh is heat resistant. (rF+) [potion
                  | of mutation]
 86307 | Lair:6   | Lost mutation: Your spells are a little easier to cast, but
                  | a little less powerful. [potion of mutation]
 86307 | Lair:6   | Gained mutation: Armour fits poorly on your strangely
                  | shaped body. [potion of mutation]
 86307 | Lair:6   | Gained mutation: You are occasionally teleported next to
                  | monsters. [potion of mutation]
 86307 | Lair:6   | Gained mutation: Your muscles are strong. (Str +2) [potion
                  | of mutation]
 86308 | Lair:6   | Lost mutation: Your muscles are strong. (Str +2) [potion of
                  | mutation]
 86308 | Lair:6   | Lost mutation: Armour fits poorly on your strangely shaped
                  | body. [potion of mutation]
 86308 | Lair:6   | Gained mutation: You tend to lose your temper in combat.
                  | [potion of mutation]
 86308 | Lair:6   | Gained mutation: You are robust. (+10% HP) [potion of
                  | mutation]
 86308 | Lair:6   | Gained mutation: You have a pair of small horns on your
                  | head. [potion of mutation]
 86309 | Lair:6   | Lost mutation: You tend to lose your temper in combat.
                  | [potion of mutation]
 86309 | Lair:6   | Lost mutation: You have a pair of small horns on your head.
                  | [potion of mutation]
 86309 | Lair:6   | Lost mutation: You are robust. (+10% HP) [potion of
                  | mutation]
 86309 | Lair:6   | Lost mutation: You are occasionally teleported next to
                  | monsters. [potion of mutation]
 86309 | Lair:6   | Gained mutation: You are partially covered in icy blue
                  | scales. (AC +2) [potion of mutation]
 86309 | Lair:6   | Gained mutation: Your magical capacity is low. (-10% MP)
                  | [potion of mutation]
 86309 | Lair:6   | Gained mutation: You are clumsy. (Dex -2) [potion of
                  | mutation]
 86309 | Lair:6   | Gained mutation: You have supernaturally acute eyesight.
                  | (SInv) [potion of mutation]
 86763 | Depths:2 | Voluntarily entered the Abyss.
 86786 | Abyss:2  | Found a corrupted altar of Lugonu.
 86856 | Abyss:3  | Found a corrupted altar of Lugonu.
 87162 | Abyss:3  | Identified Hept's Tome of the Escort
 87163 | Abyss:3  | Identified Pyroin's Compendium of Confrontation
 87167 | Abyss:3  | Identified the Handbook of Flight
 87169 | Abyss:3  | Identified Kikubaaqudgha's Papyrus of Evil Rituals
 87205 | Abyss:3  | Identified the Disquisition on Feathers
 87208 | Abyss:3  | Identified the Collected Works on Intoxication
 87231 | Abyss:3  | Identified the Collected Works on Unholy Rituals
 87234 | Abyss:3  | Identified the Volume of the Compass
 87263 | Abyss:3  | Gained mutation: You tend to lose your temper in combat. [a
                  | neqoxec]
 87278 | Abyss:3  | Identified Sif Muna's Tome of Flames
 87286 | Abyss:3  | Identified the Collected Works on Transformation
 87390 | Abyss:3  | Identified the +5 halberd of the Key {holy, Dex+4}
 87469 | Abyss:3  | Found a transporter.
 87472 | Abyss:3  | Found a corrupted altar of Lugonu.
 87486 | Abyss:3  | Identified a ring of Bach {Wiz Str+6}
 87501 | Abyss:3  | Found a transporter.
 87541 | Abyss:3  | Found a transporter.
 87630 | Abyss:3  | Found a corrupted altar of Lugonu.
 88399 | Abyss:3  | Gained mutation: You expend magic power (3 MP) to
                  | strengthen your wands. [a neqoxec]
 88716 | Abyss:3  | Got an abyssal rune of Zot
 88799 | Depths:2 | Escaped the Abyss
 88802 | Depths:2 | Lost mutation: You are clumsy. (Dex -2) [potion of
                  | mutation]
 88802 | Depths:2 | Lost mutation: You expend magic power (3 MP) to strengthen
                  | your wands. [potion of mutation]
 88802 | Depths:2 | Gained mutation: You can translocate small distances at
                  | will. [potion of mutation]
 88803 | Depths:2 | Lost mutation: Your magical capacity is low. (-10% MP)
                  | [potion of mutation]
 88803 | Depths:2 | Lost mutation: You can translocate small distances at will.
                  | [potion of mutation]
 88803 | Depths:2 | Gained mutation: You are mostly covered in icy blue scales.
                  | (AC +3) [potion of mutation]
 88804 | Depths:2 | Lost mutation: You are mostly covered in icy blue scales.
                  | (AC +3) [potion of mutation]
 88804 | Depths:2 | Lost mutation: You tend to lose your temper in combat.
                  | [potion of mutation]
 88804 | Depths:2 | Lost mutation: You are partially covered in icy blue
                  | scales. (AC +2) [potion of mutation]
 88804 | Depths:2 | Lost mutation: You have supernaturally acute eyesight.
                  | (SInv) [potion of mutation]
 88804 | Depths:2 | Gained mutation: Your flesh is heat resistant. (rF+)
                  | [potion of mutation]
 88804 | Depths:2 | Gained mutation: You are weak. (Str -2) [potion of
                  | mutation]
 88804 | Depths:2 | Gained mutation: Your mind is acute. (Int +2) [potion of
                  | mutation]
 88914 | Zot:1    | Entered Level 1 of the Realm of Zot
 89137 | Zot:2    | Reached skill level 20 in Invocations
 89549 | Zot:5    | Entered Level 5 of the Realm of Zot
 90011 | Zot:5    | Noticed an ancient lich
 90042 | Zot:5    | Killed an ancient lich
 90076 | Zot:5    | Noticed an ancient lich
 90099 | Zot:5    | Killed an ancient lich
 90148 | Zot:5    | Noticed an ancient lich
 90152 | Zot:5    | Noticed an orb of fire
 90159 | Zot:5    | Noticed an ancient lich
 90159 | Zot:5    | Noticed an ancient lich
 90162 | Zot:5    | Gained mutation: Your magical capacity is low. (-10% MP)
                  | [an orb of fire]
 90162 | Zot:5    | Noticed an orb of fire
 90164 | Zot:5    | Gained mutation: Scrolls take you a little longer to read.
                  | [an orb of fire]
 90166 | Zot:5    | Gained mutation: Scrolls take you longer to read. [an orb
                  | of fire]
 90168 | Zot:5    | Lost mutation: Your mind is acute. (Int +2) [an orb of
                  | fire]
 90168 | Zot:5    | Gained mutation: Your body sometimes deteriorates upon
                  | taking damage. [an orb of fire]
 90169 | Zot:5    | Gained mutation: Your system is resistant to poisons.
                  | (rPois) [an orb of fire]
 90170 | Zot:5    | Killed an ancient lich
 90171 | Zot:5    | Gained mutation: You are dopey. (Int -2) [an orb of fire]
 90176 | Zot:5    | Gained mutation: You are very dopey. (Int -4) [an orb of
                  | fire]
 90177 | Zot:5    | Gained mutation: You are occasionally teleported next to
                  | monsters. [an orb of fire]
 90180 | Zot:5    | Lost mutation: You are weak. (Str -2) [an orb of fire]
 90183 | Zot:5    | Killed from afar by an ancient lich

Illustrated notes

Levels and vault maps discovered:
D:1:      lightli_arrival_boilingwater, layout_loops_ring, serial_forest,
          infiniplex_forest_clump_long, infiniplex_forest_clump_diagonal,
          infiniplex_forest_lined_1, infiniplex_forest_straight_1,
          infiniplex_forest_straight_4, infiniplex_forest_zigzag_2,
          infiniplex_forest_lined_3_way, infiniplex_forest_zigzag_1,
          infiniplex_forest_zigzag_1, infiniplex_forest_fountain
D:2:      layout_loops_ring, lemuel_doored_altar
D:3:      layout_basic, ebering_ghost_gozag, kennysheep_minor_cross,
          hangedman_glass_garden, amethyst_killhole
D:4:      gammafunk_steamed_eel, layout_cave_pools, overflow_temple_1_default,
          gammafunk_temple_overflow_wave, minmay_temple_entry_hall, uniq_robin
D:5:      layout_loops_ring, nicolae_overflow_crystal_walls,
          ashenzari_conservatory_becter, first_ration
D:6:      layout_loops_corners, grunt_qazlal_sundering, serial_shops,
          kennysheep_little_box, lemuel_angel_altar
D:7:      layout_rooms, serial_shops, nicolae_shop_crystal, serial_rivers,
          chequers_serial_rivers_micro_c, chequers_serial_rivers_room_b,
          chequers_serial_rivers_micro_e, chequers_serial_rivers_room_b,
          chequers_serial_rivers_small_b, chequers_guarded_unrand_ignorance,
          uniq_prince_ribbit1, uniq_harold
D:8:      layout_cave_pools, dancing_weapons_uskayaw,
          grunt_lair_entry_orc_guard_hut
D:9:      layout_gridville, zin_academy, old_standard_altar,
          nicolae_dithmenos_shadow_blocks, lemuel_coloured_pillars_altar,
          uniq_maurice
D:10:     minmay_angry_zag, layout_basic, enter_trove_5
D:11:     layout_gridville, serial_glass, glass_columns_c, glass_columns_c,
          glass_columns_a, glass_columns_a
D:12:     minmay_the_grid_octo_tiled_squarecenter_mashed
          [minmay_the_grid_octo_tetromino_candy, minmay_the_grid_octo_horde,
          minmay_the_grid_octo_odd_swirl, minmay_the_grid_octo_checkerflower,
          minmay_the_grid_square_5x5_megaprize_diamond,
          minmay_the_grid_square_5x5_moneybag,
          minmay_the_grid_square_5x5_six_small,
          minmay_the_grid_square_5x5_slash, minmay_the_grid_square_5x5_spiral],
          layout_loops_ring, david_orc_5, hellmonk_ghost_happy_afterlife,
          hangedman_pestilent_swarm, uniq_rupert, uniq_kirke, uniq_psyche
D:13:     layout_long_grid, hangedman_vaults_entry_quadrant_bands,
          roderic_batcave, dpeg_stationary_puzzle
D:14:     layout_rooms, grunt_potential
D:15:     grunt_enter_depths_giant_problem, layout_basic, serial_shops, shop,
          nicolae_shop_trees, gammafunk_ghost_hive, minmay_guarded_unrand_prune,
          uniq_azrael
Temple:   compressed_dpeg_circular_temple
Lair:1:   layout_gridlike
Lair:2:   beast_lair_carwin_large_3, layout_hall_layers,
          minmay_snake_entry_guardpost_small, serial_forest,
          infiniplex_forest_clump_small, infiniplex_forest_lined_room_,
          infiniplex_forest_3_way, infiniplex_forest_diagonal,
          infiniplex_forest_lined_3_way, infiniplex_forest_end_2,
          infiniplex_forest_straight_2
Lair:3:   layout_regular_city, basic_altar
Lair:4:   layout_regular_city, skrybe_swamp_entry_bodies,
          minmay_lair_oklob_chamber, grunt_megastairs_1
Lair:5:   minmay_guarded_unrand_snakebite, layout_misc_corridors, basic_altar,
          wad_woods_river_01, infiniplex_staircase_pool
Lair:6:   cheibrodos_lair_end_hotspot, layout_regular_city, slime_altar_1,
          gammafunk_ghost_wrathful_warriors, chequers_serial_rivers_room_b
Swamp:1:  layout_basic_swamp, nicolae_swamp_triple_paths, uniq_nikola
Swamp:2:  layout_basic_swamp, ebering_ghost_xom, nicolae_swamp_fairy_circle,
          swamp_pool4, nicolae_swamp_godswood, uniq_roxanne
Swamp:3:  layout_falls_marsh, hangedman_swamp_cone
Swamp:4:  swamp, layout_basic_swamp
Snake:1:  layout_onion, grunt_ministairs_8, drop_trap
Snake:2:  layout_concentric_octagons, serial_shops, shop_fountains, shop, shop,
          hangedman_snake_thin_pillar_pass, uniq_aizul
Snake:3:  layout_layer_cave, drop_trap, serial_bayou_shore_b
Snake:4:  snake_pit, layout_layer_cave, serial_shops, nicolae_shop_crystal,
          nrook_guardian_serpent_ordinary, minmay_shop_star, uniq_vashnia
Slime:1:  layout_caves
Slime:2:  layout_caves, basic_altar, nicolae_slime_round_cave
Slime:3:  cheibrodos_slime_lost_civilization_1, layout_caves
Slime:4:  layout_caves
Slime:5
Orc:1:    layout_diamond_mine, serial_shops, shop_fountains, shop, basic_altar,
          uniq_sonja
Orc:2:    st_orc_rangers, layout_caves, serial_shops, shop,
          portal_ice_cave_entry_ice_beasts, uniq_snorg
Elf:1:    elf_arrival_002, layout_loops_corners, serial_shops, shop,
          nicolae_shop_statue_plus, shop, nicolae_shop_behind_doors,
          minmay_elf_sorcery, uniq_jorgrun
Elf:2:    layout_geoelf_octagon, uniq_agnes
Elf:3:    minmay_elf_hall_not_hex, layout_geoelf_diagonals, serial_shops, shop,
          dk_noncrumbling_4
Vaults:1: vaults_room_octagon, nicolae_vaults_know_your_exits,
          nicolae_vaults_little_squares_2, vaults_room_pools,
          nicolae_vaults_network_square, nicolae_vaults_border_crossing,
          nicolae_vaults_theta, vaults_mumra_hex, layout_vaults_big_room,
          basic_altar, mu_enter_wizlab_1, uniq_asterion
Vaults:2: grunt_vaults_funnel, vaults_mumra_minichess, ontoclasm_vaults_bender,
          v_alt_pattern_2, vaults_room_ringed_pool, v_rooms_4, v_misc_30,
          nicolae_vaults_hallways_thing, nicolae_vaults_network_quinsquares
          [nicolae_vaults_network_quincunx_subvault,
          nicolae_vaults_network_quincunx_subvault,
          nicolae_vaults_network_quincunx_subvault,
          nicolae_vaults_network_quincunx_subvault], ontoclasm_vaults_pinch,
          hangedman_vaults_hard_town_square, vaults_room_semicircle, v_misc_14,
          vaults_room_pools, layout_vaults_maze, serial_shops, shop
Vaults:3: gammafunk_vaults_ghost_grave, v_misc_26, grunt_vaults_trifunnel,
          hangedman_vaults_corner, minmay_crypt_entry_simple_corners,
          vaults_standard_mumra_enter_the_diamond, v_misc_23,
          ontoclasm_vaults_eye, v_misc_13, nicolae_vaults_circle_grid_a,
          ontoclasm_vaults_shuriken, vaults_room_hallway,
          nicolae_vaults_statue_guard, hangedman_vaults_unwind,
          nicolae_vaults_gold_heap, ontoclasm_vaults_ring_small,
          vaults_dpeg_encased_lava, nicolae_vaults_little_squares_4,
          nicolae_vaults_little_squares_5, layout_vaults_omnibox
Vaults:4: grunt_vaults_hallway_long, v_misc_11, vaults_room_pool,
          ontoclasm_vaults_fire_temple, nicolae_vaults_arrows,
          vaults_room_octagon, grunt_vaults_focal, ontoclasm_vaults_ring_small,
          dpeg_vaults_monster_box, nicolae_vaults_mini_display_case,
          vaults_room_corners, v_misc_27, layout_vaults_omnigrid, serial_shops,
          bzr_entry_customers, portal_desolation_entry_salt
Vaults:5: uniq_saint_roka, uniq_mara
Crypt:1:  layout_regular_city, grunt_crypt_arrival_guarded_gate
Crypt:2:  layout_catacombs, serial_co_window_serial, co_window_of_opportunity_a,
          co_window_of_opportunity_a, co_window_corner_a, co_window_paths_a,
          co_window_paths_b, co_window_unsneaky_path_a, co_window_2corner,
          co_window_corner_b, co_window_sun, glass_columns_b, glass_columns_c,
          glass_columns_b, st_stairs_12
Crypt:3:  grunt_crypt_end_deaths_head
Depths:1: layout_roguey, hell_entry, serial_shops, shop,
          hangedman_abyss_or_decor_passed, hangedman_decor_opposing,
          minmay_hedge_maze, nicolae_rare_books,
          minmay_guarded_unrand_wrath_of_trog
Depths:2: radiant_caverns_b_rkd, abyss_entry, hell_entry
Depths:3: nooodl_glass_maze, layout_gridlike, rand_demon_pan_entry_9,
          grunt_metal_band, minmay_misc_feat_alley, infiniplex_staircase_pool_2,
          uniq_bai_suzhen
Depths:4: thingy_vault, layout_gridlike, enter_ziggurat_d,
          abyss_entry_flame_altar, grunt_decor_resistance,
          hangedman_coc_ice_floe, hangedman_abyss_or_decor_slice,
          corexii_mini_fake_secret_closet, minmay_liquid_box, minmay_librarian,
          infiniplex_staircase_zigzag_3
Depths:5: grunt_zot_entry_alcove, layout_basic, minmay_misc_feat_ornament,
          hell_entry, abyss_entry, ebering_ghost_reflecting_pool, uniq_margery
Zot:1:    layout_concentric_octagons
Zot:2:    layout_cellular_growth, grunt_megastairs_4
Zot:3:    layout_cathedral_of_symmetry
Zot:4:    circus_mu, layout_cathedral_of_symmetry
Zot:5:    layout_basic

Skill      XL: |  1  2  3  4  5  6  7  8  9 10 11 12 13 14 15 16 17 18 19 20 21 22 23 24 25 26 27 |
---------------+----------------------------------------------------------------------------------+-----
Transmutations | 2 3 4 5 6 7 8 9 10 11 12 13 14 16 | 16.5
Spellcasting   | 5 6 7 8 9 10 11 12 13 14 15 16 17 19 | 19.4
Invocations    | 1 2 3 4 5 6 7 8 9 10 11 12 13 14 15 16 17 18 20 | 20.4
Fighting       | 1 2 3 4 5 6 7 8 9 10 11 12 13 14 15 16 17 19 | 19.0
Short Blades   | 1 2 3 4 5 6 7 8 9 10 11 12 13 14 15 16 17 19 | 19.0
Long Blades    | 1 2 3 4 5 6 7 8 9 10 11 12 13 14 15 16 17 19 | 19.0
Axes           | 1 2 3 4 5 6 7 8 9 10 11 12 13 14 15 16 17 19 | 19.0
Maces & Flails | 1 2 3 4 5 6 7 8 9 10 11 12 13 14 15 16 17 19 | 19.0
Polearms       | 1 2 3 4 5 6 7 8 9 10 11 12 13 14 15 16 17 19 | 19.0
Staves         | 1 2 3 4 5 6 7 8 9 10 11 12 13 14 15 16 17 19 | 19.0
Slings         | 1 2 3 4 5 6 7 8 9 10 11 12 13 14 15 16 17 19 | 19.0
Bows           | 1 2 3 4 5 6 7 8 9 10 11 12 13 14 15 16 17 19 | 19.0
Crossbows      | 1 2 3 4 5 6 7 8 9 10 11 12 13 14 15 16 17 19 | 19.0
Throwing       | 1 2 3 4 5 6 7 8 9 10 11 12 13 14 15 16 17 19 | 19.0
Armour         | 1 2 3 4 5 6 7 8 9 10 11 12 13 14 15 16 17 19 | 19.0
Shields        | 1 2 3 4 5 6 7 8 9 10 11 12 13 14 15 16 17 19 | 19.0
Unarmed Combat | 1 2 3 4 5 6 7 8 9 10 11 12 13 14 15 16 17 19 | 19.0
Evocations     | 1 2 3 4 5 6 7 8 9 10 11 12 13 14 15 16 17 19 | 19.0
Conjurations   | 1 2 3 4 5 6 7 8 9 10 11 12 13 14 16 | 16.4
Hexes          | 1 2 3 4 5 6 7 8 9 10 11 12 13 14 16 | 16.4
Charms         | 1 2 3 4 5 6 7 8 9 10 11 12 13 14 16 | 16.4
Summonings     | 1 2 3 4 5 6 7 8 9 10 11 12 13 14 16 | 16.4
Necromancy     | 1 2 3 4 5 6 7 8 9 10 11 12 13 14 16 | 16.4
Translocations | 1 2 3 4 5 6 7 8 9 10 11 12 13 14 16 | 16.4
Fire Magic     | 1 2 3 4 5 6 7 8 9 10 11 12 13 14 17 | 17.4
Ice Magic      | 1 2 3 4 5 6 7 8 9 10 11 12 13 14 16 | 16.4
Air Magic      | 1 2 3 4 5 6 7 8 9 10 11 12 13 14 16 | 16.4
Poison Magic   | 1 2 3 4 5 6 7 8 9 10 11 12 13 14 16 | 16.4
Dodging        | 5 6 7 8 9 10 11 12 13 14 15 16 17 19 | 19.4
Stealth        | 5 6 7 8 9 10 11 12 13 14 15 16 17 19 | 19.3
Earth Magic    | 6 7 8 9 10 11 12 13 14 15 17 | 17.1

Action                   |  1- 3 |  4- 6 |  7- 9 | 10-12 | 13-15 | 16-18 | 19-21 | 22-24 | 25-27 || total
-------------------------+-------+-------+-------+-------+-------+-------+-------+-------+-------++-------
Melee: Unarmed           |   102 |     6 |       |       |       |       |       |       |       ||   108
       Bite              |     8 |     6 |    22 |    78 |   250 |   441 |   287 |   239 |   548 ||  1879
       Whip              |       |   124 |   126 |       |  1346 |  1583 |       |       |       ||  3179
       Punch             |       |     2 |     2 |     8 |    69 |    93 |       |       |       ||   174
       Rapier            |       |       |    86 |   491 |   271 |   258 |    45 |     1 |       ||  1152
       Broad axe         |       |       |       |       |       |   609 |  1282 |       |  1877 ||  3768
       Scimitar          |       |       |       |       |       |       |   584 |  1680 |  1617 ||  3881
Throw: Dart              |       |       |       |       |     3 |       |       |       |       ||     3
 Cast: Sandblast         |    20 |    42 |    69 |   116 |   116 |   183 |       |       |       ||   546
       Passwall          |       |       |     2 |     3 |     4 |     4 |     4 |       |     4 ||    21
       Lee's Rapid Decon |       |       |       |       |     6 |    21 |    33 |    15 |     1 ||    76
       Petrify           |       |       |       |       |       |   141 |    13 |     4 |     1 ||   159
       Mephitic Cloud    |       |       |       |       |       |     5 |       |       |       ||     5
       Tukima's Dance    |       |       |       |       |       |     9 |     5 |       |       ||    14
       Frozen Ramparts   |       |       |       |       |       |     1 |    63 |    27 |    16 ||   107
       Iron Shot         |       |       |       |       |       |       |    24 |   144 |   108 ||   276
       Statue Form       |       |       |       |       |       |       |    36 |    41 |    60 ||   137
       Summon Butterflie |       |       |       |       |       |       |     3 |       |     4 ||     7
       Freezing Cloud    |       |       |       |       |       |       |       |    13 |    10 ||    23
       Apportation       |       |       |       |       |       |       |       |     8 |     1 ||     9
       Ignition          |       |       |       |       |       |       |       |       |    21 ||    21
Invok: Curse Item        |       |       |     1 |     1 |       |     4 |     1 |     3 |     5 ||    15
 Abil: End Transformatio |       |       |       |       |       |       |       |     1 |       ||     1
Evoke: Wand              |       |       |     2 |       |     3 |    11 |     3 |       |     1 ||    20
       Phial of floods   |       |       |       |       |     1 |       |       |       |       ||     1
       Phantom mirror    |       |       |       |       |       |       |     1 |       |       ||     1
  Use: Scroll            |       |     5 |     8 |     8 |    12 |     8 |     7 |    11 |    28 ||    87
       Potion            |       |       |       |       |       |     5 |     1 |       |    12 ||    18
 Stab: Sleeping          |     5 |     6 |     4 |     2 |     6 |     5 |    17 |    47 |    33 ||   125
       Distracted        |       |       |       |       |     3 |     4 |     4 |     4 |    10 ||    25
       Petrifying        |       |       |       |       |       |    35 |       |     1 |       ||    36
       Petrified         |       |       |       |       |       |   244 |    15 |     4 |     5 ||   268
       Confused          |       |       |       |       |       |     7 |       |       |     1 ||     8
       Paralysed         |       |       |       |       |       |     3 |       |       |     1 ||     4
  Eat: Chunk             |     2 |     7 |     7 |    28 |    26 |    15 |    24 |    34 |    18 ||   161
       Ration            |       |       |     1 |       |     6 |    15 |     9 |    11 |    17 ||    59
Armor: Ring mail         |    37 |    64 |    57 |    17 |       |       |       |       |       ||   175
       Robe              |     2 |       |       |       |       |       |       |       |       ||     2
       Chain mail        |       |       |       |   255 |   870 |  1069 |   265 |    12 |       ||  2471
       Skin              |       |       |       |       |       |       |   209 |   187 |   435 ||   831
       Fire dragon scale |       |       |       |       |       |       |       |   126 |   356 ||   482
Dodge: Dodged            |    88 |   117 |   144 |   299 |   966 |  1304 |  1259 |   583 |  1907 ||  6667
       Repelled          |       |       |       |       |       |   139 |    60 |       |       ||   199
Block: Buckler           |       |       |       |       |       |   170 |       |       |       ||   170
       Kite shield       |       |       |       |       |       |   296 |  1319 |   111 |       ||  1726
       Tower shield      |       |       |       |       |       |       |       |  1623 |  5022 ||  6645
       Rpst.: Scimitar   |       |       |       |       |       |       |    87 |   103 |   153 ||   343
